 Dungeon Crawl Stone Soup version 0.28-a0-1510-gd0f6b136d3 (webtiles) character file.

Game seed: 1660719329646316415

8812 oldriver the Carver (level 11, -27/74 (89) HPs)
             Began as a Gnoll Cinder Acolyte on Jan 15, 2022.
             Was a Priest of Ignis.
             Killed from afar by Josephine (34 damage)
             ... with a ghostly fireball
             ... on level 10 of the Dungeon.
             The game lasted 00:19:06 (16114 turns).

oldriver the Carver (Gnoll Cinder Acolyte)         Turns: 16114, Time: 00:19:07

HP:   -27/74 (89)   AC: 35    Str: 19    XL:     11   Next: 36%
MP:   2/21          EV:  7    Int: 13    God:    Ignis [***...]
Gold: 742           SH: 15    Dex:  7    Spells: 21/23 levels left

rFire   + + .      SeeInvis .   w - +2 dagger "Xemu" {vorpal, rPois rF+}
rCold   . . .      Faith    .   g - +2 kite shield
rNeg    . . .      Spirit   .   k - +18 Lear's hauberk
rPois   +          Reflect  +   (helmet currently unavailable)
rElec   .          Harm     .   (no cloak)
rCorr   .          Rampage  .   (gloves currently unavailable)
Will    .....                   (boots currently unavailable)
Stlth   ..........              B - amulet of reflection
HPRegen 0.22/turn               (no ring)
MPRegen 0.17/turn               (no ring)

@: fiery-armoured, very slightly contaminated, heavily drained
A: fangs 1, strong nose, distributed training
a: Renounce Religion, Fiery Armour, Foxfire Swarm, Rising Flame


You were on level 10 of the Dungeon.
You worshipped Ignis.
Ignis was most pleased with you.
You visited 1 branch of the dungeon, and saw 10 of its levels.

You collected 945 gold pieces.
You spent 203 gold pieces at shops.

Inventory:

Hand Weapons
 o - a +2 flail of protection
 w - the +2 dagger "Xemu" (weapon) {vorpal, rPois rF+}
   (You bought it in a shop on level 1 of the Dungeon)

   It inflicts extra damage upon your enemies.
   rF:        It protects you from fire.
   rPois:     It protects you from poison.
Missiles
 h - 17 poisoned darts
Armour
 g - a +2 kite shield (worn)
 k - the +18 Lear's hauberk (worn)
   (You found it on level 2 of the Dungeon)
 p - the +3 pair of seven-league boots {Rampage+∞}
   (You acquired it on level 4 of the Dungeon)

   Its wearer moves as far as possible in that direction when moving towards
   enemies.
Jewellery
 q - a ring of ice
 B - an amulet of reflection (around neck)
Wands
 b - a wand of iceblast (2)
 i - a wand of polymorph (7)
 m - a wand of flame (30)
Scrolls
 c - 2 scrolls of fog {unknown}
 r - 4 scrolls of teleportation
 t - a scroll of enchant weapon {unknown}
 y - a scroll of vulnerability
 z - a scroll of amnesia {unknown}
 A - a scroll of silence {unknown}
Potions
 f - 3 potions of degeneration
 l - 2 potions of magic
 n - a potion of flight
 v - 2 potions of attraction
 x - 2 potions of mutation


   Skills:
 + Level 9.1 Fighting
 + Level 6.2 Short Blades
 + Level 9.1 Long Blades
 + Level 6.2 Axes
 + Level 6.2 Maces & Flails
 + Level 6.2 Polearms
 + Level 6.2 Staves
 + Level 6.2 Slings
 + Level 6.2 Bows
 + Level 6.2 Crossbows
 + Level 6.2 Throwing
 + Level 6.2 Armour
 + Level 6.2 Dodging
 + Level 6.2 Stealth
 + Level 6.2 Shields
 + Level 6.2 Unarmed Combat
 + Level 6.9 Spellcasting
 + Level 5.1 Conjurations
 + Level 5.1 Hexes
 + Level 5.1 Summonings
 + Level 5.1 Necromancy
 + Level 5.1 Translocations
 + Level 5.1 Transmutations
 + Level 7.6 Fire Magic
 + Level 5.1 Ice Magic
 + Level 5.1 Air Magic
 + Level 5.1 Earth Magic
 + Level 5.1 Poison Magic
 + Level 6.8 Invocations
 + Level 6.2 Evocations


You had 21 spell levels left.
You knew the following spells:

 Your Spells              Type           Power      Damage    Failure   Level
a - Scorch                Fire           48%        2d7       26%         2

Your spell library contained the following spells:

 Spells                   Type           Power      Damage    Failure   Level
 Ignite Poison            Fire/Tmut/Pois 20%        N/A       71%         3
 Mephitic Cloud           Conj/Pois/Air  17%        N/A       83%         3
 Summon Ice Beast         Ice/Summ       17%        N/A       99%         4
 Freezing Cloud           Conj/Ice/Air   8%         6-21      100%        5
 Summon Mana Viper        Hex/Summ       17%        N/A       100%        5
 Monstrous Menagerie      Summ           8%         N/A       100%        7


Dungeon Overview and Level Annotations

Branches:
Dungeon (10/15)            Temple (0/1) D:5             Orc (0/2) D:9
   Lair: D:8-11

Altars:
Cheibriados
Dithmenos
Elyvilon
Hepliaklqana
Kikubaaqudgha
Nemelex Xobeh
Ru
Sif Muna
Uskayaw
Vehumet
Wu Jian
The Shining One

Shops:
D:1 (   D:7 (   D:8 *

Annotations:
D:10 Josephine


Innate Abilities, Weirdness & Mutations

You have very sharp teeth.
Your uncanny sense of smell can sniff out nearby items.
Your experience applies equally to all skills.


Message History

Josephine is severely wounded.
Josephine hits you with a +0 dagger.
You hit Josephine but do no damage. You bite Josephine, but do no damage.
Josephine is severely wounded.
Josephine draws life force from you!
Josephine is healed by the life force!
You hit Josephine. Your bite misses Josephine.
Josephine is severely wounded.
Josephine hits you with a +0 dagger.
You hit Josephine.
Josephine is severely wounded.
Josephine barely misses you.
Flames lash Josephine.
Josephine is burned terribly!
Josephine is almost dead.
Josephine barely misses you.
You miscast Scorch.
Nothing appears to happen.
Josephine gestures at you while chanting.
The ghostly flame explodes!
The ghostly fireball engulfs you!!
You feel drained.
* * * LOW HITPOINT WARNING * * *
The ghostly fireball engulfs Josephine.
Josephine completely resists.
You hear a shout!
You hit Josephine. Your bite misses Josephine.
Josephine is almost dead.
You closely miss Josephine. You bite Josephine, but do no damage.
Josephine is almost dead.
Josephine draws life force from you!
* * * LOW HITPOINT WARNING * * *
Josephine is healed by the life force!
Okay, then.
A protective cloak of flame settles atop you.
Josephine hits you but does no damage.
Josephine is burned terribly!
Josephine is burned by your cloak of flames.
Josephine is almost dead.
You are too injured to fight recklessly!
You hit Josephine.
Josephine is almost dead.
Josephine points at you and mumbles some strange words.
The ghostly flame explodes!
The ghostly fireball engulfs you!!
You feel drained.
You die...

#.$.....##....[...
#.......#....<....
###.......#.........
#.........#.........
#.......###.........
#.......#...........
#.......')..........
#.W@...)########....
###@...........#####
#............
#............
#<...........
######.......
....... .......
#######


You could see Josephine (combustible) and a wraith.

Vanquished Creatures
  A centaur warrior (D:8)
  A two-headed ogre (D:9)
  A cyclops (D:9)
  2 kobold demonologists (D:9)
  2 trolls
  Prince Ribbit (D:5)
  Grinder (D:5)
  A hornet (D:9)
  2 shadows (D:9)
  A wyvern (D:7)
  4 wraiths
  2 steam dragons
  Menkaure (D:5)
  2 water moccasins (D:7)
  Duvessa (D:5)
  4 orc warriors
  A sky beast (D:8)
  A black bear (D:4)
  A necrophage (D:4)
  An ice beast (D:6)
  4 ogres
  A centaur (D:7)
  2 phantoms (D:9)
  2 kobold brigands
  2 scorpions
  3 bullfrogs
  2 wyvern zombies
  A wyvern skeleton (D:6)
  Dowan (D:5)
  A troll zombie (D:9)
  5 wights
  4 howler monkeys
  7 crimson imps (D:8)
  A bullfrog zombie (D:5)
  5 centaur zombies
  A hound (D:4)
  5 orc priests
  2 centaur skeletons
  4 iguanas
  8 orc wizards
  A killer bee zombie (D:9)
  5 ogre zombies (D:9)
  A hound skeleton (D:5)
  4 adders
  3 white imps
  A worm (D:4)
  2 dart slugs
  37 orcs
  4 bat zombies (D:4)
  10 endoplasms
  2 giant cockroaches (D:1)
  9 goblins
  6 hobgoblins
  7 jackals
  A quokka (D:1)
  8 ball pythons
  7 bats
  7 frilled lizards
  A goblin skeleton (D:9)
  4 goblin zombies (D:9)
  A hobgoblin skeleton (D:9)
  A hobgoblin zombie (D:9)
  14 kobolds
  An orc skeleton (D:9)
  11 orc zombies (D:9)
  4 rats
  A rat zombie (D:4)
245 creatures vanquished.

Vanquished Creatures (others)
  An orc priest (D:6)
  22 foxfires (D:10)
  5 fungi (D:10)
  23 plants
51 creatures vanquished.

Grand Total: 296 creatures vanquished

Notes
Turn   | Place    | Note
-------+----------+-------------------------------------------
     0 | D:1      | oldriver the Gnoll Cinder Acolyte began the quest for the
                  | Orb.
     0 | D:1      | Reached XP level 1. HP: 23/23 MP: 4/4
   158 | D:1      | Reached XP level 2. HP: 26/29 MP: 5/5
   163 | D:1      | Learned a level 2 spell: Scorch
   543 | D:1      | Found Niorat's Antique Weapon Emporium.
   553 | D:1      | Reached XP level 3. HP: 35/35 MP: 1/7
  1409 | D:2      | Reached skill level 1 in Invocations
  1492 | D:2      | Found the +18 Lear's hauberk
  2086 | D:2      | Found a faded altar of an unknown god.
  2121 | D:3      | Reached skill level 1 in Short Blades
  2121 | D:3      | Reached skill level 1 in Axes
  2121 | D:3      | Reached skill level 1 in Maces & Flails
  2121 | D:3      | Reached skill level 1 in Polearms
  2121 | D:3      | Reached skill level 1 in Staves
  2121 | D:3      | Reached skill level 1 in Slings
  2121 | D:3      | Reached skill level 1 in Bows
  2121 | D:3      | Reached skill level 1 in Crossbows
  2121 | D:3      | Reached skill level 1 in Throwing
  2121 | D:3      | Reached skill level 1 in Armour
  2121 | D:3      | Reached skill level 1 in Dodging
  2121 | D:3      | Reached skill level 1 in Stealth
  2121 | D:3      | Reached skill level 1 in Shields
  2121 | D:3      | Reached skill level 1 in Unarmed Combat
  2121 | D:3      | Reached skill level 1 in Evocations
  2165 | D:3      | Reached XP level 4. HP: 31/41 MP: 8/8
  2701 | D:3      | Found a shadowy altar of Dithmenos.
  2701 | D:3      | Found a glowing golden altar of the Shining One.
  2701 | D:3      | Found an ornate altar of the Wu Jian Council.
  2706 | D:3      | Found a hide-covered altar of Uskayaw.
  2709 | D:3      | Found a sparkling altar of Nemelex Xobeh.
  2711 | D:3      | Found a hazy altar of Hepliaklqana.
  2711 | D:3      | Found a shimmering blue altar of Sif Muna.
  2712 | D:3      | Found a radiant altar of Vehumet.
  2717 | D:3      | Found a white marble altar of Elyvilon.
  2720 | D:3      | Found a snail-covered altar of Cheibriados.
  2721 | D:3      | Found a sacrificial altar of Ru.
  3095 | D:4      | Noticed an ogre
  3102 | D:4      | Reached skill level 1 in Conjurations
  3102 | D:4      | Reached skill level 1 in Hexes
  3102 | D:4      | Reached skill level 1 in Summonings
  3102 | D:4      | Reached skill level 1 in Necromancy
  3102 | D:4      | Reached skill level 1 in Translocations
  3102 | D:4      | Reached skill level 1 in Transmutations
  3102 | D:4      | Reached skill level 1 in Ice Magic
  3102 | D:4      | Reached skill level 1 in Air Magic
  3102 | D:4      | Reached skill level 1 in Earth Magic
  3102 | D:4      | Reached skill level 1 in Poison Magic
  3109 | D:4      | Killed an ogre
  3110 | D:4      | Reached XP level 5. HP: 40/47 MP: 9/9
  3212 | D:4      | Noticed a black bear
  3239 | D:4      | Killed a black bear
  3240 | D:4      | Reached XP level 6. HP: 33/53 MP: 9/11
  3719 | D:4      | Identified a scroll of acquirement
  3719 | D:4      | Acquired the +3 pair of seven-league boots {Rampage+∞}
  3719 | D:4      | Found the +3 pair of seven-league boots {Rampage+∞}
  3773 | D:4      | Noticed a necrophage
  3789 | D:4      | Killed a necrophage
  4434 | D:4      | Reached XP level 7. HP: 59/59 MP: 12/12
  4451 | D:4      | Found an ancient bone altar of Kikubaaqudgha.
  4634 | D:5      | Entered Level 5 of the Dungeon
  4658 | D:5      | Noticed a steam dragon
  4667 | D:5      | Killed a steam dragon
  5005 | D:5      | Noticed Menkaure
  5010 | D:5      | Noticed Prince Ribbit
  5016 | D:5      | Killed Menkaure
  5047 | D:5      | Killed Prince Ribbit
  5048 | D:5      | Reached XP level 8. HP: 14/67 MP: 12/14
  5348 | D:5      | Found a staircase to the Ecumenical Temple.
  5439 | D:5      | Noticed Grinder
  5450 | D:5      | Paralysed by Grinder for 7 turns
  5481 | D:5      | Paralysed by Grinder for 7 turns
  5504 | D:5      | Killed Grinder
  5820 | D:5      | Noticed Duvessa
  5824 | D:5      | Noticed Dowan
  5842 | D:5      | Killed Duvessa
  5854 | D:5      | Killed Dowan
  6630 | D:6      | Reached XP level 9. HP: 72/72 MP: 16/16
  6961 | D:6      | Reached skill level 5 in Spellcasting
  6968 | D:6      | Noticed a troll
  6985 | D:6      | Killed a troll
  7169 | D:1      | Bought a slimy dagger for 203 gold pieces
  7169 | D:1      | Identified the +2 dagger "Xemu" {vorpal, rPois rF+} (You
                  | bought it in a shop on level 1 of the Dungeon)
  8970 | D:7      | Reached skill level 5 in Invocations
  9273 | D:7      | Found Rofuqu's Weapon Boutique.
  9705 | D:7      | Reached XP level 10. HP: 27/80 MP: 11/18
 10558 | D:8      | Found Bageps's General Store.
 10637 | D:8      | Reached skill level 5 in Short Blades
 10637 | D:8      | Reached skill level 5 in Axes
 10637 | D:8      | Reached skill level 5 in Maces & Flails
 10637 | D:8      | Reached skill level 5 in Polearms
 10637 | D:8      | Reached skill level 5 in Staves
 10637 | D:8      | Reached skill level 5 in Slings
 10637 | D:8      | Reached skill level 5 in Bows
 10637 | D:8      | Reached skill level 5 in Crossbows
 10637 | D:8      | Reached skill level 5 in Throwing
 10637 | D:8      | Reached skill level 5 in Armour
 10637 | D:8      | Reached skill level 5 in Dodging
 10637 | D:8      | Reached skill level 5 in Stealth
 10637 | D:8      | Reached skill level 5 in Shields
 10637 | D:8      | Reached skill level 5 in Unarmed Combat
 10637 | D:8      | Reached skill level 5 in Evocations
 11073 | D:8      | Noticed a centaur warrior
 11104 | D:8      | Killed a centaur warrior
 11860 | D:9      | Noticed a cyclops
 11861 | D:9      | Noticed a two-headed ogre
 13267 | D:9      | Found a staircase to the Orcish Mines.
 13368 | D:9      | Killed a cyclops
 13747 | D:9      | Reached XP level 11. HP: 28/87 MP: 5/20
 14399 | D:9      | Killed a two-headed ogre
 14520 | D:10     | Entered Level 10 of the Dungeon
 14545 | D:10     | Noticed Josephine
 14929 | D:10     | Reached skill level 5 in Conjurations
 14929 | D:10     | Reached skill level 5 in Hexes
 14929 | D:10     | Reached skill level 5 in Summonings
 14929 | D:10     | Reached skill level 5 in Necromancy
 14929 | D:10     | Reached skill level 5 in Translocations
 14929 | D:10     | Reached skill level 5 in Transmutations
 14929 | D:10     | Reached skill level 5 in Ice Magic
 14929 | D:10     | Reached skill level 5 in Air Magic
 14929 | D:10     | Reached skill level 5 in Earth Magic
 14929 | D:10     | Reached skill level 5 in Poison Magic
 14951 | D:10     | HP: 2/76 [Josephine/vampiric draining (9)]
 16114 | D:10     | Killed from afar by Josephine

Illustrated notes

Levels and vault maps discovered:
D:1:      dpeg_arrival_lava_temple_mockup, layout_basic, serial_shops,
          nicolae_shop_stone
D:2:      layout_basic, shapermc_ecumenical_altar_petra, kennysheep_minor_cross,
          minmay_misc_feat_four_crosses
D:3:      layout_loops_corners, nicolae_overflow_hallway_of_the_gods
D:4:      layout_loops_corners, lemuel_zombie_altar_kikubaaqudgha, serial_bayou,
          serial_bayou_lagoon_a, serial_bayou_crossing, serial_bayou_shore_a,
          serial_bayou_pond_b, serial_bayou_lake_a, kennysheep_generic_room_13
D:5:      mumra_celtic_spiral_tile, layout_basic, minmay_temple_entry_grid,
          uniq_duvessa, uniq_grinder, uniq_menkaure, uniq_prince_ribbit1
D:6:      layout_gridville
D:7:      cheibrodos_helix_gallery, layout_loops_ring, serial_shops, shop,
          minmay_statues_item
D:8:      layout_loops_ring, serial_shops, nicolae_square_shop, minmay_nine_imps
D:9:      layout_cave_pods, zombieorc1_lemuel, st_stairs_5, minmay_checkerbox
D:10:     layout_irregular_city, grunt_lair_entry_orc_guard_hut, uniq_josephine

Skill      XL: |  1  2  3  4  5  6  7  8  9 10 11 |
---------------+----------------------------------+-----
Invocations    | 1 2 3 4 5 6 |  6.8
Short Blades   | 1 2 3 4 5 6 |  6.2
Axes           | 1 2 3 4 5 6 |  6.2
Maces & Flails | 1 2 3 4 5 6 |  6.2
Polearms       | 1 2 3 4 5 6 |  6.2
Staves         | 1 2 3 4 5 6 |  6.2
Slings         | 1 2 3 4 5 6 |  6.2
Bows           | 1 2 3 4 5 6 |  6.2
Crossbows      | 1 2 3 4 5 6 |  6.2
Throwing       | 1 2 3 4 5 6 |  6.2
Armour         | 1 2 3 4 5 6 |  6.2
Dodging        | 1 2 3 4 5 6 |  6.2
Stealth        | 1 2 3 4 5 6 |  6.2
Shields        | 1 2 3 4 5 6 |  6.2
Unarmed Combat | 1 2 3 4 5 6 |  6.2
Evocations     | 1 2 3 4 5 6 |  6.2
Spellcasting   | 3 4 5 6 |  6.9
Conjurations   | 1 2 3 4 5 |  5.1
Hexes          | 1 2 3 4 5 |  5.1
Summonings     | 1 2 3 4 5 |  5.1
Necromancy     | 1 2 3 4 5 |  5.1
Translocations | 1 2 3 4 5 |  5.1
Transmutations | 1 2 3 4 5 |  5.1
Ice Magic      | 1 2 3 4 5 |  5.1
Air Magic      | 1 2 3 4 5 |  5.1
Earth Magic    | 1 2 3 4 5 |  5.1
Poison Magic   | 1 2 3 4 5 |  5.1
Fighting       | 7 8 9 |  9.1
Long Blades    | 7 8 9 |  9.1
Fire Magic     | 6 7 |  7.6

Action                   |  1- 3 |  4- 6 |  7- 9 | 10-12 || total
-------------------------+-------+-------+-------+-------++-------
Melee: Falchion          |    80 |   165 |   242 |       ||   487
       Bite              |     4 |    12 |    72 |   103 ||   191
       Punch             |     1 |       |       |       ||     1
       Dagger            |       |       |   416 |   707 ||  1123
Throw: Throwing net      |       |       |       |     1 ||     1
 Cast: Scorch            |    24 |       |       |   124 ||   148
Invok: Fiery Armour      |       |       |     1 |     2 ||     3
       Foxfire Swarm     |       |       |       |     2 ||     2
Evoke: Wand              |       |       |       |     3 ||     3
  Use: Potion            |       |     1 |     6 |     3 ||    10
       Scroll            |       |     5 |     4 |     7 ||    16
 Stab: Distracted        |       |       |       |     2 ||     2
Armor: Robe              |    18 |       |       |       ||    18
       Chain mail        |    16 |   154 |   512 |   473 ||  1155
       Skin              |       |       |    38 |       ||    38
Dodge: Dodged            |    51 |    45 |   155 |   193 ||   444
Block: Kite shield       |     7 |    48 |   295 |   509 ||   859
       Reflection        |       |       |       |     4 ||     4

Table legend: (Time is in decaauts)
 A = Elapsed time spent in this place.
 B = Non-inter-level travel time spent in this place.
 C = Inter-level travel time spent in this place.
 D = Time resting spent in this place.
 E = Time spent auto-exploring this place.
 F = Levels seen in this place.
 G = Mean time per level.
                   A        B        C        D        E       F      G
               +--------+--------+--------+--------+--------+-----+--------+
         Total |  16230 |  15447 |    783 |   4742 |   7719 |  10 | 1623.0 |
       Dungeon |  16230 |  15447 |    783 |   4742 |   7719 |  10 | 1623.0 |
               +--------+--------+--------+--------+--------+-----+--------+

Top non-repeatable levels by time:
     D:9: 3926 daAuts
     D:5: 2088 daAuts
     D:6: 1946 daAuts
     D:4: 1758 daAuts
     D:8: 1738 daAuts
     D:7: 1311 daAuts
     D:2: 1106 daAuts
     D:1: 1072 daAuts
     D:3: 1059 daAuts
    D:10: 222 daAuts
